TOP OF THE 1ST |
Vanderbilt University Commodores batting - Pitching for University of Arizona Wildcats : LHP Jason Luttrell
|
Pitching: LHP Jason Luttrell
|
|
Batting: RHB Jose Ramos
|
0-0: Swinging Strike 0-1: Swinging Strike 0-2: Strikes out looking
|
Batting: RHB Paul Johnson
|
0-0: Foul Ball, location: 2F 0-1: Ball 1-1: Ball 2-1: Ground out 5-3 (Groundball, 56, EV 88.1 MPH)
|
Batting: RHB Pakiana Kileona
|
0-0: Foul Ball, location: 2F 0-1: Foul Ball, location: 2F 0-2: Strikes out swinging
|
Top of the 1st over - 0 runs, 0 hits, 0 errors, 0 left on base; Vanderbilt University 0 - University of Arizona 0 |
BOTTOM OF THE 1ST |
University of Arizona Wildcats batting - Pitching for Vanderbilt University Commodores : LHP Kevin Folse
|
Pitching: LHP Kevin Folse
|
|
Batting: LHB Jere Paatelainen
|
0-0: SINGLE (Groundball, 4, EV 98.1 MPH)
|
Batting: LHB Pascal Noël
|
0-0: Called Strike 0-1: Ball 1-1: Called Strike Jere Paatelainen steals 2nd base 1-2: Ball 2-2: Strikes out swinging
|
Batting: RHB Ron Dondale
|
0-0: Ball 1-0: Foul Ball, location: 2F 1-1: Foul Ball, location: 2F 1-2: Strikes out swinging
|
Batting: LHB Mark Harris
|
0-0: TRIPLE (Line Drive, 7D, EV 103.8 MPH) Jere Paatelainen scores
|
Batting: LHB Andrew Davis
|
0-0: Ball 1-0: Foul Ball, location: 2F 1-1: Foul Ball, location: 2F 1-2: Ball 2-2: Ball 3-2: Strikes out looking
|
Bottom of the 1st over - 1 run, 2 hits, 0 errors, 1 left on base; Vanderbilt University 0 - University of Arizona 1 |
TOP OF THE 2ND |
Vanderbilt University Commodores batting - Pitching for University of Arizona Wildcats : LHP Jason Luttrell
|
Batting: RHB Brad Nathan
|
0-0: Ground out 1-3 (Groundball, 13S, EV 74.4 MPH)
|
Batting: LHB Josh Jett
|
0-0: SINGLE (Flyball, 8LS, EV 92.5 MPH)
|
Batting: SHB D.J. Davis
|
0-0: Ball 1-0: Ball 2-0: SINGLE (Line Drive, 9S, EV 111.9 MPH) Josh Jett to second
|
Batting: RHB Eric Hays
|
0-0: Ball 1-0: Called Strike 1-1: Ball 2-1: Foul Ball, location: 2F 2-2: Foul Ball, location: 2F 2-2: Ball 3-2: Foul Ball, location: 2F 3-2: Strikes out swinging
|
Batting: SHB Adam Hoffman
|
0-0: Fly out, F8 (Line Drive, 8LD, EV 85.6 MPH)
|
Top of the 2nd over - 0 runs, 2 hits, 0 errors, 2 left on base; Vanderbilt University 0 - University of Arizona 1 |
BOTTOM OF THE 2ND |
University of Arizona Wildcats batting - Pitching for Vanderbilt University Commodores : LHP Kevin Folse
|
Batting: RHB Larry Harlow
|
0-0: Called Strike 0-1: Called Strike 0-2: Ball 1-2: Ball 2-2: SINGLE (Line Drive, 8LS, EV 100.0 MPH)
|
Batting: RHB Gustavo Rodriguez
|
0-0: Ball 1-0: Foul Ball, location: 2F 1-1: Swinging Strike 1-2: Strikes out swinging
|
Batting: RHB Vince Parris
|
0-0: Called Strike 0-1: Ball 1-1: Ball 2-1: Fly out, F8 (Flyball, 8LM, EV 86.9 MPH)
|
Batting: RHB Tatsuro Hamasaki
|
0-0: Called Strike 0-1: Ground out 2-3 (Groundball, 13S, EV 71.2 MPH)
|
Bottom of the 2nd over - 0 runs, 1 hit, 0 errors, 1 left on base; Vanderbilt University 0 - University of Arizona 1 |
TOP OF THE 3RD |
Vanderbilt University Commodores batting - Pitching for University of Arizona Wildcats : LHP Jason Luttrell
|
Batting: SHB Paul Dupuis
|
0-0: Ball 1-0: Foul Ball, location: 2F 1-1: Foul Ball, location: 2F 1-2: Ground out 4-3 (Groundball, 4, EV 85.0 MPH)
|
Batting: RHB Jose Ramos
|
0-0: Called Strike 0-1: Ball 1-1: Swinging Strike 1-2: Foul Ball, location: 2F 1-2: Foul Ball, location: 2F 1-2: Ball 2-2: Fly out, F8 (Flyball, 8LS, EV 88.8 MPH)
|
Batting: RHB Paul Johnson
|
0-0: Called Strike 0-1: Foul Ball, location: 2F 0-2: Ball 1-2: Ball 2-2: Foul Ball, location: 2F 2-2: Fly out, F4 (Popup, 34, EV 60.6 MPH)
|
Top of the 3rd over - 0 runs, 0 hits, 0 errors, 0 left on base; Vanderbilt University 0 - University of Arizona 1 |
BOTTOM OF THE 3RD |
University of Arizona Wildcats batting - Pitching for Vanderbilt University Commodores : LHP Kevin Folse
|
Batting: LHB Jere Paatelainen
|
0-0: Called Strike 0-1: Fly out, F2 (Popup, 25F, EV 82.5 MPH)
|
Batting: LHB Pascal Noël
|
0-0: Swinging Strike 0-1: Called Strike 0-2: Foul Ball, location: 2F 0-2: Ball 1-2: Ground out 4-3 (Groundball, 4, EV 104.4 MPH)
|
Batting: RHB Ron Dondale
|
0-0: Called Strike 0-1: Ball 1-1: Foul Ball, location: 2F 1-2: Ball 2-2: Ground out U3 (Groundball, 3, EV 84.4 MPH)
|
Bottom of the 3rd over - 0 runs, 0 hits, 0 errors, 0 left on base; Vanderbilt University 0 - University of Arizona 1 |
TOP OF THE 4TH |
Vanderbilt University Commodores batting - Pitching for University of Arizona Wildcats : LHP Jason Luttrell
|
Batting: RHB Pakiana Kileona
|
0-0: Called Strike 0-1: Fly out, F7 (Flyball, 78M, EV 90.6 MPH)
|
Batting: RHB Brad Nathan
|
0-0: Ground out 6-3 (Groundball, 6, EV 96.9 MPH)
|
Batting: LHB Josh Jett
|
0-0: Ball 1-0: Foul Ball, location: 2F 1-1: Ball 2-1: Fly out, F4 (Popup, 34, EV 65.0 MPH)
|
Top of the 4th over - 0 runs, 0 hits, 0 errors, 0 left on base; Vanderbilt University 0 - University of Arizona 1 |
BOTTOM OF THE 4TH |
University of Arizona Wildcats batting - Pitching for Vanderbilt University Commodores : LHP Kevin Folse
|
Batting: LHB Mark Harris
|
0-0: Foul Ball, location: 2F 0-1: Foul Ball, location: 2F 0-2: Ball 1-2: Ball 2-2: Foul Ball, location: 2F 2-2: Ball 3-2: Foul Ball, location: 2F 3-2: Foul Ball, location: 2F 3-2: Foul Ball, location: 2F 3-2: Foul Ball, location: 2F 3-2: Strikes out swinging
|
Batting: LHB Andrew Davis
|
0-0: Ground out 6-3 (Groundball, 6, EV 109.4 MPH)
|
Batting: RHB Larry Harlow
|
0-0: Ball 1-0: Ball 2-0: Ball 3-0: Called Strike 3-1: Fly out, F7 (Flyball, 78M, EV 90.6 MPH)
|
Bottom of the 4th over - 0 runs, 0 hits, 0 errors, 0 left on base; Vanderbilt University 0 - University of Arizona 1 |
TOP OF THE 5TH |
Vanderbilt University Commodores batting - Pitching for University of Arizona Wildcats : LHP Jason Luttrell
|
Batting: SHB D.J. Davis
|
0-0: Ball 1-0: Ground out 3-1 (Groundball, 34, EV 76.2 MPH)
|
Batting: RHB Eric Hays
|
0-0: Ball 1-0: Foul Ball, location: 2F 1-1: Foul Ball, location: 2F 1-2: Ball 2-2: Ball 3-2: Ground out 5-3 (Groundball, 56S, EV 93.1 MPH)
|
Batting: SHB Adam Hoffman
|
0-0: Ball 1-0: Ball 2-0: Fly out, F8 (Flyball, 8RD, EV 94.4 MPH)
|
Top of the 5th over - 0 runs, 0 hits, 0 errors, 0 left on base; Vanderbilt University 0 - University of Arizona 1 |
BOTTOM OF THE 5TH |
University of Arizona Wildcats batting - Pitching for Vanderbilt University Commodores : LHP Kevin Folse
|
Batting: RHB Gustavo Rodriguez
|
0-0: Called Strike 0-1: Called Strike 0-2: Ball 1-2: Ball 2-2: SINGLE (Line Drive, 6MD, EV 100.0 MPH)
|
Batting: RHB Vince Parris
|
0-0: Called Strike 0-1: Foul Ball, location: 2F 0-2: SINGLE (Line Drive, 7LS, EV 95.6 MPH) Gustavo Rodriguez to second
|
Batting: RHB Tatsuro Hamasaki
|
0-0: Called Strike 0-1: Ball 1-1: SINGLE (Groundball, 56S, EV 69.4 MPH) (infield hit) Gustavo Rodriguez to third Vince Parris to second
|
Batting: LHB Jere Paatelainen
|
0-0: Ball 1-0: SINGLE (Line Drive, 6D, EV 99.4 MPH) Gustavo Rodriguez scores Vince Parris to third Tatsuro Hamasaki to second
|
Batting: LHB Pascal Noël
|
0-0: Called Strike 0-1: Ball 1-1: Ball 2-1: SINGLE (Groundball, 6, EV 96.2 MPH) Vince Parris scores Tatsuro Hamasaki to third Jere Paatelainen to second
|
Batting: RHB Ron Dondale
|
0-0: Ball 1-0: Ball 2-0: Fielders Choice at 2nd, 5-4 (Groundball, 56, EV 96.9 MPH) Tatsuro Hamasaki scores Jere Paatelainen to third
|
Batting: LHB Mark Harris
|
0-0: Swinging Strike 0-1: Ball 1-1: Ball 2-1: Ball Wild Pitch! Jere Paatelainen scores Ron Dondale to second 3-1: SINGLE (Line Drive, 6D, EV 108.1 MPH) Ron Dondale to third
|
Pitching: RHP Craig Wayne
|
|
Batting: LHB Andrew Davis
|
0-0: Called Strike 0-1: Foul Ball, location: 2F 0-2: Ball 1-2: Ball 2-2: Ball 3-2: Fly out, F7 (Line Drive, 7, EV 97.5 MPH) Runner from 3rd tags up, SCORES, throw by LF
|
Batting: RHB Larry Harlow
|
0-0: Ball 1-0: Ball 2-0: Ball 3-0: Base on Balls Mark Harris to second
|
Batting: RHB Gustavo Rodriguez
|
0-0: Ball 1-0: Swinging Strike 1-1: Foul Ball, location: 2F 1-2: Strikes out swinging
|
Bottom of the 5th over - 5 runs, 6 hits, 0 errors, 2 left on base; Vanderbilt University 0 - University of Arizona 6 |
TOP OF THE 6TH |
Vanderbilt University Commodores batting - Pitching for University of Arizona Wildcats : LHP Jason Luttrell
|
Batting: SHB Paul Dupuis
|
0-0: Ball 1-0: Ball 2-0: Called Strike 2-1: Foul Ball, location: 2F 2-2: Strikes out looking
|
Batting: RHB Jose Ramos
|
0-0: Called Strike 0-1: Ball 1-1: Ball 2-1: Ground out 6-3 (Groundball, 6D, EV 95.6 MPH)
|
Batting: RHB Paul Johnson
|
0-0: Ball 1-0: Ground out 6-3 (Groundball, 56, EV 96.2 MPH)
|
Top of the 6th over - 0 runs, 0 hits, 0 errors, 0 left on base; Vanderbilt University 0 - University of Arizona 6 |
BOTTOM OF THE 6TH |
University of Arizona Wildcats batting - Pitching for Vanderbilt University Commodores : RHP Craig Wayne
|
Batting: RHB Vince Parris
|
0-0: Called Strike 0-1: Fly out, F7 (Line Drive, 7, EV 93.1 MPH)
|
Batting: RHB Tatsuro Hamasaki
|
0-0: Ball 1-0: Called Strike 1-1: SOLO HOME RUN (Flyball, 78XD, EV 111.2 MPH), Distance : 429 ft
|
Batting: LHB Jere Paatelainen
|
0-0: Foul Ball, location: 2F 0-1: Ball 1-1: Ball 2-1: Called Strike 2-2: Ground out U3 (Groundball, 3, EV 75.6 MPH)
|
Batting: LHB Pascal Noël
|
0-0: Called Strike 0-1: SINGLE (Line Drive, 6MD, EV 97.5 MPH)
|
Batting: RHB Ron Dondale
|
0-0: Swinging Strike 0-1: Ball 1-1: Called Strike 1-2: Strikes out looking
|
Bottom of the 6th over - 1 run, 2 hits, 0 errors, 1 left on base; Vanderbilt University 0 - University of Arizona 7 |
TOP OF THE 7TH |
Vanderbilt University Commodores batting - Pitching for University of Arizona Wildcats : LHP Jason Luttrell
|
Batting: RHB Pakiana Kileona
|
0-0: Ball 1-0: Ball 2-0: Called Strike 2-1: Swinging Strike 2-2: Ball 3-2: Strikes out swinging
|
Batting: RHB Brad Nathan
|
0-0: Fly out, F7 (Line Drive, 7, EV 101.9 MPH)
|
Batting: LHB Josh Jett
|
0-0: Foul Ball, location: 2F 0-1: Ball 1-1: Called Strike 1-2: Fly out, F6 (Popup, 6M, EV 76.2 MPH)
|
Top of the 7th over - 0 runs, 0 hits, 0 errors, 0 left on base; Vanderbilt University 0 - University of Arizona 7 |
BOTTOM OF THE 7TH |
University of Arizona Wildcats batting - Pitching for Vanderbilt University Commodores : RHP Craig Wayne
|
Batting: LHB Mark Harris
|
0-0: Ball 1-0: Fly out, F6 (Line Drive, 6, EV 71.9 MPH)
|
Batting: LHB Andrew Davis
|
0-0: Ball 1-0: Called Strike 1-1: Swinging Strike 1-2: Strikes out looking
|
Batting: RHB Larry Harlow
|
0-0: Called Strike 0-1: Ball 1-1: Ball 2-1: Ground out 6-3 (Groundball, 6, EV 106.9 MPH)
|
Bottom of the 7th over - 0 runs, 0 hits, 0 errors, 0 left on base; Vanderbilt University 0 - University of Arizona 7 |
TOP OF THE 8TH |
Vanderbilt University Commodores batting - Pitching for University of Arizona Wildcats : LHP Jason Luttrell
|
Batting: SHB D.J. Davis
|
0-0: Called Strike 0-1: Ball 1-1: Swinging Strike 1-2: Strikes out swinging
|
Pitching: RHP Jimmy Serna
|
|
Batting: RHB Eric Hays
|
0-0: Called Strike 0-1: Foul Ball, location: 2F 0-2: Foul Ball, location: 2F 0-2: Ground out 6-3 (Groundball, 6, EV 88.8 MPH)
|
Batting: SHB Adam Hoffman
|
0-0: Ball 1-0: Ground out 6-3 (Groundball, 6M, EV 106.9 MPH)
|
Top of the 8th over - 0 runs, 0 hits, 0 errors, 0 left on base; Vanderbilt University 0 - University of Arizona 7 |
BOTTOM OF THE 8TH |
University of Arizona Wildcats batting - Pitching for Vanderbilt University Commodores : RHP Craig Wayne
|
Pitching: RHP Tyler Patel
|
|
Pinch Hitting: RHB Eddy Amaya
|
0-0: Ball 1-0: Foul Ball, location: 2F 1-1: SOLO HOME RUN (Flyball, 89XD, EV 114.4 MPH), Distance : 429 ft
|
Pinch Hitting: RHB Carlos Maravilla
|
0-0: Fly out, F9 (Flyball, 89D, EV 94.4 MPH)
|
Batting: RHB Tatsuro Hamasaki
|
0-0: Ball 1-0: Ball 2-0: Ball 3-0: SOLO HOME RUN (Flyball, 78XD, EV 100.6 MPH), Distance : 402 ft
|
Batting: LHB Jere Paatelainen
|
0-0: Ball 1-0: Ball 2-0: SINGLE (Flyball, 89S, EV 93.8 MPH)
|
Batting: LHB Pascal Noël
|
0-0: Ball 1-0: Called Strike 1-1: Grounds into double play, 5-4-3 (Groundball, 56, EV 104.4 MPH)
|
Bottom of the 8th over - 2 runs, 3 hits, 0 errors, 0 left on base; Vanderbilt University 0 - University of Arizona 9 |
TOP OF THE 9TH |
Vanderbilt University Commodores batting - Pitching for University of Arizona Wildcats : RHP Jimmy Serna
|
Now at 1B: Eddy Amaya
|
|
Now in LF: Lihau Keawe
|
|
Batting: SHB Paul Dupuis
|
0-0: Called Strike 0-1: Foul Ball, location: 2F 0-2: Strikes out looking
|
Batting: RHB Jose Ramos
|
0-0: Swinging Strike 0-1: Foul Ball, location: 2F 0-2: SOLO HOME RUN (Flyball, 9D, EV 98.8 MPH), Distance : 361 ft
|
Batting: RHB Paul Johnson
|
0-0: Called Strike 0-1: Swinging Strike 0-2: Ball 1-2: Fly out, F8 (Flyball, 8RM, EV 90.6 MPH)
|
Batting: RHB Pakiana Kileona
|
0-0: Called Strike 0-1: Ball 1-1: Ball 2-1: Foul Ball, location: 2F 2-2: Foul Ball, location: 2F 2-2: Ball 3-2: Foul Ball, location: 2F 3-2: Strikes out swinging
|
Top of the 9th over - 1 run, 1 hit, 0 errors, 0 left on base; Vanderbilt University 1 - University of Arizona 9 |
|